Unix NetHack Version 5.0.0-0 post-release - last build May 31 2026 23:59:36 (970b52f25bf058293b47ddfd14a1e40e571c508c,branch:main).

Game began 2026-06-01 14:58:51, ended 2026-06-01 15:07:49.

DaveT, lawful male human Priest

-----
|...|
|...--   -------
|-...|   |..--.|
|....-----....--
|......|......|------
---...).......|.....----
  |....---.............|
  |..|`....--.....*....-----.
  ---|.-------.........*...).
  ----.|     |....@q..---.*.---.
---...)|     ----.....| |.....*.
|.).----    ----...---- ----...---
|<...--------..).---       |.....-
----..........----         --.....
   --..--------             ----.-
    ----

DaveT the Acolyte            St:10 Dx:10 Co:18 In:14 Wi:15 Ch:8  Lawful
Dlvl:5  $:69 HP:0(51) Pw:76(76) AC:8  Xp:5 T:1682  Fainted  Deaf

Latest messages:
 You regain consciousness.
 You can hear again.
 You don't have anything to eat.
 You faint from lack of food.
 You regain consciousness.
 You are hit by an arrow.
 You can hear again.
 The gnome swings her bow.
 The gnome hits!
 The gnome swings her bow.
 The gnome hits!
 You faint from lack of food.
 The gnome swings her bow.
 The gnome hits!
 The gnome swings her bow.
 The gnome hits!
 The gnome swings her bow.
 The gnome hits!
 You regain consciousness.
 You hit the gnome.
 You can hear again.
 You kill the gnome!
 There are several objects here.
 You faint from lack of food.
 You regain consciousness.
 You don't have anything to eat.
 You faint from lack of food.
 You regain consciousness.
 You can hear again.
 You faint from lack of food.
 You regain consciousness.
 You faint from lack of food.
 You regain consciousness.
 You can hear again.
 You faint from lack of food.
 The rothe hits!
 The rothe bites!
 The rothe bites again!
 The rothe hits!
 The rothe bites!
 The rothe bites again!
 The rothe hits!
 The rothe bites!
 The rothe bites again!
 The rothe hits!
 The rothe bites!
 The rothe bites again!
 You die...
 Do you want your possessions identified? [ynq] (y) y
 Do you want to see your attributes? [ynq] (y) q

Inventory:
 Coins    ('$')
  $ - 69 gold pieces
 Amulets  ('"')
  o - a cursed amulet of change
 Weapons  (')')
  w - 12 blessed +5 darts
  A - a +0 dagger
  v - a +0 knife (at the ready)
  a - a blessed +1 mace (weapon in right hand)
 Armor    ('[')
  k - a cursed -1 helm of opposite alignment
  x - a +0 pair of low boots (being worn)
  c - a +0 small shield (being worn)
 Scrolls  ('?')
  y - a cursed scroll of enchant weapon
  z - a cursed scroll of teleportation
 Spellbooks  ('+')
  h - a spellbook of detect unseen
  g - a spellbook of healing
 Potions  ('!')
  m - a cursed potion of object detection
  d - 4 potions of holy water
  C - a potion of water
 Wands    ('/')
  n - a wand of digging (0:3)
 Tools    ('(')
  i - a magic marker (0:19)
  j - a tin whistle
 Gems/Stones  ('*')
  q - a worthless piece of orange glass
  u - a worthless piece of violet glass
  r - a worthless piece of yellowish brown glass

DaveT the Priest's attributes:

Background:
 You were an Acolyte, a level 5 human Priest.
 You were lawful, on a mission for Quetzalcoatl
 who was opposed by Camaxtli (neutral) and Huhetotl (chaotic).
 You were right-handed.
 You were in the Gnomish Mines, on level 5.
 You entered the dungeon 1682 turns ago.
 There was a full moon in effect when your adventure ended.
 You had 198 experience points, 122 more were needed to attain level 6.

Basics:
 You had 0 out of 51 hit points.
 You had all 76 energy points (spell power).
 Your armor class was 8.
 Your wallet contained 69 zorkmids.
 Autopickup was off.

Final Characteristics:
 Your strength was 10 (base:11, limit:18/100).
 Your dexterity was 10 (limit:18).
 Your constitution was 18 (limit:18).
 Your intelligence was 14 (limit:18).
 Your wisdom was 15 (limit:18).
 Your charisma was 8 (limit:18).

Final Status:
 You were deaf.
 You were fainted due to starvation.
 You were unencumbered.
 You were wielding a mace.
 You had basic skill with mace.

Final Attributes:
 You had strayed.
 You were lucky.
 You are dead.

Miscellaneous:
 You didn't encounter any bones levels.
 Total elapsed playing time was 8 minutes and 56 seconds.

Major events:
 Turn
    1: DaveT the lawful human Priest entered the dungeon
  750: entered the Gnomish Mines
  895: attained the rank of Acolyte (level 3)
 1682: killed by a rothe, while fainted from lack of food

Spells:
 Name                 Level Category     Fail Retention
 healing                1   healing        0%  76%-100%
 detect unseen          3   divination   100%  76%-100%

Skills:
 Fighting Skills
   bare handed combat [Unskilled]
 Weapon Skills
   club               [Unskilled]
   mace               [Basic]
   morning star       [Unskilled]
   flail              [Unskilled]
   hammer             [Unskilled]
   quarterstaff       [Unskilled]
   polearms           [Unskilled]
   spear              [Unskilled]
   trident            [Unskilled]
   lance              [Unskilled]
   bow                [Unskilled]
   sling              [Unskilled]
   crossbow           [Unskilled]
   dart               [Unskilled]
   shuriken           [Unskilled]
   boomerang          [Unskilled]
   unicorn horn       [Unskilled]
 Spellcasting Skills
   healing spells     [Unskilled]
   divination spells  [Unskilled]
   clerical spells    [Basic]

Voluntary challenges:
 Character rerolling was not enabled.
 You never genocided any monsters.
 You never polymorphed an object.
 You used no wishes.
Achievements:
 You entered the Gnomish Mines.
 You attained the rank of Acolyte.

 The Dungeons of Doom: levels 1 to 6
    Level 1:
       An altar, many fountains.
    Level 2:
    Level 3:
    Level 4:
       Stairs down to The Gnomish Mines.
    Level 5:
    Level 6:
 The Gnomish Mines:
    Level 5: <- You were here.
       Final resting place for
          you, killed by a rothe, while fainted from lack of food.


Vanquished creatures:
  2 gnome leaders
  a golden naga hatchling
  a little dog
  a kitten
  a dwarf
  a kobold shaman
 an orc zombie
 an iguana
  a coyote
  a hobbit
  a large kobold
  a giant rat
  2 brown molds
  7 gnomes
  2 geckos
  a jackal
  2 foxes
  a bat
  2 lichens
  2 kobold zombies
  2 newts
34 creatures vanquished.

No species were genocided or became extinct.

Game over:
                       ----------
                      /          \
                     /    REST    \
                    /      IN      \
                   /     PEACE      \
                  /                  \
                  |      DaveT       |
                  |      69 Au       |
                  |   killed by a    |
                  |      rothe       |
                  |                  |
                  |                  |
                  |       2026       |
                 *|     *  *  *      | *
        _________)/\\_//(\/(/\)/\//\/|_)_______

Goodbye DaveT the Priest...

You died in The Gnomish Mines on dungeon level 5 with 1135 points,
and 69 pieces of gold, after 1682 moves.
You were level 5 with a maximum of 51 hit points when you died.

